 Dungeon Crawl Stone Soup version 0.31-a0-819-gf6de2f5ab6 (webtiles) character file.

Game seed: 11210783951870147078

2653 qw the Skirmisher (level 9, -4/57 HPs)
             Began as a Gargoyle Hunter on Sept 23, 2023.
             Slain by an orc warrior
             ... wielding a +0 trident
              (5 damage)
             ... on level 7 of the Dungeon.
             The game lasted 00:03:04 (6138 turns).

qw the Skirmisher (Gargoyle Hunter)                 Turns: 6138, Time: 00:03:05

Health: -4/57      AC: 11    Str: 20 (21) XL:     9   Next: 62%
Magic:  9/9        EV: 12    Int:  9 (10) God:
Gold:   390        SH:  0    Dex: 16 (17) Spells: 8/8 levels left

rFire   + . .        Y - +0 orcbow
rCold   + . .        (shield currently unavailable)
rNeg    + . .        e - +0 ring mail
rPois   inf          (helmet restricted)
rElec   +            b - scarf {rC+ rF+}
rCorr   +            (no gloves)
SInv    .            (no boots)
Will    .....        (no amulet)
Stlth   +            c - ring of resist corrosion
HPRegen 0.29/turn    l - +6 ring of strength
MPRegen 0.11/turn

%: no passive effects
@: weak-willed
A: sickness immunity, AC +6, negative energy resistance 1, electricity
resistance, torment resistance 1, petrification resistance, horns 1,
deterioration 1
a: no special abilities


You were on level 7 of the Dungeon.
You visited 1 branch of the dungeon, and saw 7 of its levels.
You also visited: Sewer and Ossuary.

You collected 390 gold pieces.


Innate Abilities, Weirdness & Mutations

You are immune to sickness and miasma.
Your stone body is resilient. (AC +6)
You are immune to poison.
You resist negative energy. (rN+)
You are resistant to electric shocks. (rElec)
You are resistant to unholy torment.
You are immune to petrification.
You have a pair of small horns on your head.
Your body sometimes deteriorates upon taking damage.


   Skills:
 + Level 7.6 Fighting
 - Level 11.0 Ranged Weapons
 - Level 2.0 Armour
 - Level 3.1 Dodging
 - Level 1.1 Stealth


You had 8 spell levels left.
You didn't know any spells.
Your spell library was empty.

Inventory:

Hand Weapons
 Y - a +0 orcbow (weapon)
Armour
 b - a scarf of resistance (worn)
 e - a +0 ring mail (worn)
Jewellery
 c - a ring of resist corrosion (left hand)
 l - a +6 ring of strength (right hand)
Scrolls
 k - 2 scrolls of identify
Potions
 a - 3 potions of curing
 d - 6 potions of enlightenment
 f - 3 potions of haste
 g - a potion of might
 h - a potion of mutation
 j - 2 potions of heal wounds
 m - a potion of resistance
 n - a potion of cancellation

Dungeon Overview and Level Annotations

Branches:
Dungeon (7/15)              Sewer (visited)         Ossuary (visited)
 Temple: D:4-7

Altars:
Cheibriados
Dithmenos
Elyvilon
Makhleb
Nemelex Xobeh
Sif Muna
Trog
Zin


Message History

6132 |||
Found retreat position at 0,3 (floor) with 0 blocking monsters and 2 monsters attacking at destination at distance 3
6132 ||| Stepping ~*~*~tactically~*~*~ (retreating).
The orc wizard casts a spell at you.
You are confused.
The orc warrior attacks as it pursues you!
The orc warrior closely misses you.
6133 ||| DRINKING 4 potions of curing.
You feel better.
6133 ||| (to cure confusion)
The wyvern bites you. The wyvern misses you. The orc warrior barely misses you.
6134 |||
Found retreat position at 0,2 (floor) with 0 blocking monsters and 2 monsters attacking at destination at distance 2
6134 ||| Stepping ~*~*~tactically~*~*~ (retreating).
An orc wizard comes into view.
It is wielding a +0 dagger and wearing a +1 robe of fire resistance.
6135 |||
Found retreat position at 0,1 (floor) with 0 blocking monsters and 2 monsters attacking at destination at distance 1
6135 ||| Stepping ~*~*~tactically~*~*~ (retreating).
The wyvern bites you!
Your body deteriorates!
You feel weakened.
The orc warrior attacks as it pursues you!
The orc warrior hits you from afar with a +0 trident.
An orc priest comes into view. It is wielding a +0 hand axe.
The orc wizard gestures wildly while chanting.
The orc wizard flickers and vanishes!
Deactivating autopickup; reactivate with Ctrl-A.
You shoot an arrow. The arrow closely misses the wyvern.
The arrow hits the orc warrior.
The orc warrior is severely wounded.
The wyvern bites you!
Your body deteriorates!
You feel clumsy.
The wyvern bites you but does no damage.
The orc warrior barely misses you.
You shoot an arrow. The arrow barely misses the wyvern.
The arrow completely misses the orc warrior.
The wyvern barely misses you.
The orc warrior hits you from afar with a +0 trident.
You shoot an arrow. The arrow hits the wyvern!
The wyvern is almost dead.
The wyvern bites you but does no damage.
The orc priest mumbles some strange prayers to Beogh against you.
Beogh smites you! The wyvern bites you!
The orc warrior hits you from afar with a +0 trident.
You die...

#.......# ####o
#......<# ....
#.......# o.#
#.......##..#
###.........#
#.#####o..#.##.
... #o.......
### #l#......
#@###.###
#......#
#...#####
#.#### ##


You could see an orc warrior, a wyvern, an orc priest and an orc wizard.

Vanquished Creatures
  An unseen horror (D:6)
  Grinder (D:3)
  Sigmund (D:3)
  Edmund (D:4)
  Menkaure (D:4)
  An ice beast (D:6)
  A black bear (D:5)
  A phantom (D:5)
  A kobold brigand (Sewer)
  10 scorpions
  A gnoll sergeant (D:6)
  A centaur zombie (Ossuary)
  A hound (D:6)
  A jelly (D:5)
  3 iguanas
  5 scorpion zombies (Ossuary)
  A sleepcap (D:5)
  3 orc wizards
  3 mummies (Ossuary)
  10 adders
  12 gnolls
  A white imp (D:6)
  A worm (D:2)
  5 dart slugs
  19 orcs
  13 ball pythons
  3 bats
  7 endoplasms
  7 giant cockroaches
  2 gnoll zombies (Ossuary)
  5 goblins
  5 hobgoblins
  15 jackals
  4 quokkas
  8 frilled lizards
  3 goblin zombies (Ossuary)
  2 hobgoblin zombies (Ossuary)
  10 kobolds
  A kobold zombie (Ossuary)
  4 orc zombies (Ossuary)
  10 rats
185 creatures vanquished.

Notes
Turn   | Place    | Note
-------+----------+-------------------------------------------
     0 | D:1      | qw the Gargoyle Hunter began the quest for the Orb.
     0 | D:1      | Reached XP level 1. HP: 12/12 MP: 1/1
     0 | D:1      | 0 ||| qw: Version: 0.3-a-83-gcd0e7d8
     0 | D:1      | 0 ||| qw: Game counter: 1574
     0 | D:1      | 0 ||| qw: Melee chars always use a shield: true
     0 | D:1      | 0 ||| qw: God list: Okawaru
     0 | D:1      | 0 ||| qw: Allow faded altars: false
     0 | D:1      | 0 ||| qw: Do Orc after clearing Dungeon:15 true
     0 | D:1      | 0 ||| qw: Do second Lair branch before Depths: true
     0 | D:1      | 0 ||| qw: Lair rune preference: random
     0 | D:1      | 0 ||| qw: Goals: Normal
     0 | D:1      | 0 ||| PLANNING D:1-11
    66 | D:1      | Reached XP level 2. HP: 14/17 MP: 2/2
   195 | D:1      | 195 ||| READING scroll labelled JOHEME NUPH.
   196 | D:1      | 196 ||| DROPPING scroll of butterflies.
   217 | D:1      | HP: 4/17 [bat (1)]
   230 | D:1      | HP: 4/17 [bat (1)]
   416 | D:1      | 416 ||| DRINKING 2 ruby potions.
   557 | D:1      | Reached XP level 3. HP: 21/21 MP: 3/3
   622 | D:1      | Reached skill level 5 in Ranged Weapons
  1056 | D:1      | 1056 ||| DROPPING ring of flight.
  1057 | D:1      | 1057 ||| READING scroll labelled COUPAD WUVVAMI.
  1058 | D:1      | 1058 ||| READING scroll labelled QOPLUT BO SAX.
  1059 | D:1      | 1059 ||| READING scroll labelled CYTO UTUKKIL.
  1060 | D:1      | 1060 ||| READING scroll labelled JICO YDUOSHREBBA.
  1061 | D:1      | 1061 ||| DROPPING potion of invisibility.
  1150 | D:2      | Reached skill level 3 in Fighting
  1155 | D:2      | Reached XP level 4. HP: 28/28 MP: 4/4
  1647 | D:2      | 1647 ||| READING scroll labelled QIJAISH CUQIQE.
  1648 | D:2      | 1648 ||| DRINKING 2 bubbling yellow potions.
  1695 | D:2      | 1695 ||| READING 2 scrolls of identify.
  1695 | D:2      | 1695 ||| IDENTIFYING emerald potion
  1696 | D:2      | 1696 ||| DROPPING potion of lignification.
  1839 | D:3      | Noticed Sigmund
  1849 | D:3      | HP: 6/28 [something (7)]
  1852 | D:3      | Killed Sigmund
  1853 | D:3      | Reached skill level 6 in Ranged Weapons
  1853 | D:3      | Reached XP level 5. HP: 8/32 MP: 5/5
  1853 | D:3      | Reached XP level 6. HP: 10/37 MP: 6/6
  2151 | D:3      | Noticed Grinder
  2159 | D:3      | Paralysed by Grinder for 2 turns
  2168 | D:3      | HP: 9/37 [Grinder (6)]
  2169 | D:3      | Killed Grinder
  2170 | D:3      | Reached XP level 7. HP: 8/44 MP: 7/7
  2557 | D:3      | 2557 ||| UPGRADING to +0 ring mail.
  2567 | D:3      | 2567 ||| DROPPING +0 leather armour.
  2568 | D:3      | 2568 ||| READING scroll labelled JESIEPH FULUYT.
  2569 | D:3      | 2569 ||| DRINKING 2 black potions.
  2570 | D:3      | 2570 ||| READING 4 scrolls of identify.
  2570 | D:3      | 2570 ||| IDENTIFYING blue potion
  2571 | D:3      | 2571 ||| READING 3 scrolls of identify.
  2571 | D:3      | 2571 ||| IDENTIFYING fuming red potion
  2592 | D:4      | Found a burning altar of Makhleb.
  2592 | D:4      | Found a shimmering blue altar of Sif Muna.
  2593 | D:4      | 2593 ||| PLANNING SEWER
  2653 | D:4      | Reached skill level 1 in Armour
  2689 | D:4      | 2689 ||| READING scroll of enchant weapon.
  2689 | D:4      | 2689 ||| ENCHANTING +1 shortbow.
  2700 | D:4      | Reached skill level 7 in Ranged Weapons
  2736 | D:4      | Found a glowing drain.
  2739 | D:4      | 2739 ||| UPGRADING to ring of resist corrosion.
  2740 | D:4      | 2740 ||| READING scroll labelled PIGUZE BOXIKH.
  2748 | Sewer    | Entered a sewer
  2753 | Sewer    | 2753 ||| Stepping ~*~*~tactically~*~*~ (water).
  2755 | Sewer    | 2755 ||| Stepping ~*~*~tactically~*~*~ (water).
  2935 | Sewer    | 2935 ||| Stepping ~*~*~tactically~*~*~ (water).
  3032 | Sewer    | 3032 ||| DRINKING 2 white potions.
  3032 | Sewer    | Gained mutation: You are dopey. (Int -2) [potion of
                  | mutation]
  3032 | Sewer    | Gained mutation: Your body sometimes deteriorates upon
                  | taking damage. [potion of mutation]
  3032 | Sewer    | Gained mutation: You have hidden genetic potential. [potion
                  | of mutation]
  3033 | Sewer    | 3033 ||| READING 3 scrolls of identify.
  3033 | Sewer    | 3033 ||| IDENTIFYING inky potion
  3034 | Sewer    | 3034 ||| READING 2 scrolls of identify.
  3034 | Sewer    | 3034 ||| IDENTIFYING fuming green potion
  3035 | Sewer    | 3035 ||| DROPPING potion of ambrosia.
  3061 | D:4      | 3061 ||| PLANNING D:1-11
  3165 | D:4      | Found a bloodstained altar of Trog.
  3165 | D:4      | Found a shadowy altar of Dithmenos.
  3165 | D:4      | Found a white marble altar of Elyvilon.
  3258 | D:4      | Found a snail-covered altar of Cheibriados.
  3315 | D:4      | Noticed Menkaure
  3320 | D:4      | Killed Menkaure
  3321 | D:4      | Reached skill level 8 in Ranged Weapons
  3468 | D:4      | Noticed Edmund
  3486 | D:4      | 3486 ||| DRINKING potion of cancellation.
  3493 | D:4      | Killed Edmund
  3494 | D:4      | Reached XP level 8. HP: 22/49 MP: 8/8
  3703 | D:4      | 3703 ||| READING scroll labelled QUACKI HOEMEHIOTAI.
  3735 | D:5      | Entered Level 5 of the Dungeon
  3747 | D:5      | Found a glowing silver altar of Zin.
  3842 | D:5      | Reached skill level 9 in Ranged Weapons
  3864 | D:5      | Lost mutation: You are dopey. (Int -2) [hidden potential]
  4080 | D:5      | 4080 ||| Stepping ~*~*~tactically~*~*~ (retreating).
  4081 | D:5      | 4081 ||| Stepping ~*~*~tactically~*~*~ (retreating).
  4082 | D:5      | 4082 ||| Stepping ~*~*~tactically~*~*~ (retreating).
  4083 | D:5      | 4083 ||| STAIRDANCE
  4086 | D:4      | Reached skill level 6 in Fighting
  4129 | D:4      | 4129 ||| READING 3 scrolls of identify.
  4129 | D:4      | 4129 ||| IDENTIFYING cyan potion
  4130 | D:4      | 4130 ||| READING 2 scrolls of identify.
  4130 | D:4      | 4130 ||| IDENTIFYING viscous golden potion
  4131 | D:4      | 4131 ||| DROPPING potion of brilliance.
  4138 | D:5      | 4138 ||| STAIRDANCE
  4537 | D:5      | Found a sparkling altar of Nemelex Xobeh.
  4714 | D:5      | 4714 ||| UPGRADING to scarf of resistance.
  4719 | D:5      | 4719 ||| UPGRADING to +0 helmet.
  4757 | D:6      | Found a sand-covered staircase.
  4758 | D:6      | 4758 ||| PLANNING OSSUARY
  4758 | D:6      | 4758 ||| STAIRDANCE
  4770 | D:6      | 4770 ||| STAIRDANCE
  4775 | D:6      | 4775 ||| STAIRDANCE
  4808 | D:6      | 4808 ||| STAIRDANCE
  4840 | D:6      | 4840 ||| STAIRDANCE
  4865 | D:6      | Reached skill level 10 in Ranged Weapons
  4865 | D:6      | 4865 ||| STAIRDANCE
  4906 | Ossuary  | Entered an ossuary
  5013 | Ossuary  | Reached XP level 9. HP: 56/56 MP: 9/9
  5179 | Ossuary  | 5179 ||| UPGRADING to +6 ring of strength.
  5180 | Ossuary  | 5180 ||| READING 2 scrolls of identify.
  5180 | Ossuary  | 5180 ||| IDENTIFYING murky golden potion
  5239 | Ossuary  | Reached skill level 3 in Dodging
  5243 | Ossuary  | Gained mutation: You have a pair of small horns on your
                  | head. [hidden potential]
  5243 | Ossuary  | Lost mutation: You have hidden genetic potential. [hidden
                  | potential expressed]
  5267 | Ossuary  | 5267 ||| READING scroll of enchant weapon.
  5267 | Ossuary  | 5267 ||| ENCHANTING +2 shortbow of draining.
  5312 | Ossuary  | 5312 ||| DROPPING +0 helmet.
  5313 | Ossuary  | 5313 ||| READING scroll labelled VUARUKA CICO.
  5314 | Ossuary  | 5314 ||| READING scroll labelled SUD CIGILA.
  5368 | D:6      | 5368 ||| PLANNING D:1-11
  5480 | D:6      | 5480 ||| Stepping randomly (disturbance).
  5481 | D:6      | 5481 ||| Stepping randomly (disturbance).
  5482 | D:6      | 5482 ||| Stepping randomly (disturbance).
  5486 | D:6      | 5486 ||| Stepping randomly (disturbance).
  5503 | D:6      | HP: 13/57 [something (4)]
  5517 | D:6      | HP: 9/57 [something (2)]
  5525 | D:6      | Killed an unseen horror
  5526 | D:6      | Reached skill level 11 in Ranged Weapons
  5939 | D:6      | 5939 ||| SWAPPING to +0 orcbow.
  5940 | D:6      | 5940 ||| DROPPING +3 shortbow of draining.
  6107 | D:6      | 6107 ||| READING scroll labelled LIAJ DATOC.
  6108 | D:6      | 6108 ||| READING scroll labelled TUSOLA ISICKOV.
  6130 | D:7      | 6130 ||| Stepping ~*~*~tactically~*~*~ (retreating).
  6132 | D:7      | 6132 ||| Stepping ~*~*~tactically~*~*~ (retreating).
  6133 | D:7      | 6133 ||| DRINKING 4 potions of curing.
  6133 | D:7      | 6133 ||| (to cure confusion)
  6134 | D:7      | 6134 ||| Stepping ~*~*~tactically~*~*~ (retreating).
  6135 | D:7      | 6135 ||| Stepping ~*~*~tactically~*~*~ (retreating).
  6138 | D:7      | HP: 9/57 [orc priest/divine providence (11)]
  6138 | D:7      | HP: 1/57 [wyvern (8)]
  6138 | D:7      | Slain by an orc warrior

Levels and vault maps discovered:
D:1:      dpeg_arrival_rooms_c, layout_loops_corners, chequers_mini_garden,
          nicolae_eternal_life, kennysheep_nondescript, serial_park_tiny_2,
          minmay_stone_trees_medium
D:2:      minmay_evil_eye, layout_basic, minmay_misc_feat_cross, st_stairs_1,
          minmay_misc_feat_diagonals
D:3:      layout_basic, uniq_grinder, uniq_sigmund
D:4:      layout_rooms, grunt_temple_overflow_open, lemuel_tele_altar,
          gup_sewer_entry_bubbles, uniq_edmund, uniq_menkaure
D:5:      layout_basic, mainiacjoe_overflow_brackets, old_standard_altar,
          hangedman_decor_push
D:6:      layout_basic, enter_ossuary_1, nicolae_underground_beach
D:7:      layout_loops_cross, minmay_temple_entry_fiery

Skill      XL: |  1  2  3  4  5  6  7  8  9 |
---------------+----------------------------+-----
Ranged Weapons | 5 6 8 10 11 | 11.0
Fighting       | 3 5 6 7 |  7.6
Armour         | 1 2 |  2.0
Dodging        | 2 3 |  3.1
Stealth        | |  1.1

Action                     |  1- 3 |  4- 6 |  7- 9 || total
---------------------------+-------+-------+-------++-------
   Fire: Shortbow          |   138 |    98 |   517 ||   753
         Orcbow            |       |       |    23 ||    23
    Use: Scroll            |     5 |     2 |    16 ||    23
         Potion            |     1 |     1 |     4 ||     6
 Armour: Leather armour    |    62 |    31 |       ||    93
         Ring mail         |       |       |   238 ||   238
  Dodge: Dodged            |    77 |    18 |   161 ||   256

Table legend:
 A = Non-vault XP
 B = Vault XP
 C = Vault XP percentage of total XP
 D = Non-vault monster count
 E = Vault monster count
 F = Vault count percentage of total count
                 A         B        C        D         E       F
            +---------+---------+-------+---------+---------+-------
      Total |    1849 |    1942 |  51.2 |     123 |      62 |  33.5
            +---------+---------+-------+---------+---------+-------
        D:1 |      58 |       0 |   0.0 |      33 |       0 |   0.0
        D:2 |      28 |      33 |  54.1 |      12 |       7 |  36.8
        D:3 |      35 |     531 |  93.8 |      13 |       2 |  13.3
        D:4 |     212 |     384 |  64.4 |      11 |       9 |  45.0
        D:5 |     724 |       0 |   0.0 |      40 |       0 |   0.0
        D:6 |     792 |       0 |   0.0 |      14 |       0 |   0.0
      Sewer |       0 |     126 | 100.0 |       0 |      16 | 100.0
    Ossuary |       0 |     868 | 100.0 |       0 |      28 | 100.0
            +---------+---------+-------+---------+---------+-------
